 Dungeon Crawl Stone Soup version 0.30.0-2-g1aa4bd4387 (webtiles) character file.

Game seed: 14694135992015642637

23356 Odexios the Cleaver (level 12, -3/99 HPs)
             Began as a Minotaur Fighter on May 7, 2023.
             Was a High Priest of Hepliaklqana.
             Succumbed to Nessos's poison
             ... on level 2 of the Lair of Beasts.
             The game lasted 01:07:46 (15310 turns).

Odexios the Cleaver (Minotaur Fighter)             Turns: 15310, Time: 01:07:47

Health: -3/99      AC: 22    Str: 26    XL:     12   Next: 71%
Magic:  7/17       EV: 15    Int:  5    God:    Hepliaklqana [*****.]
Gold:   532        SH:  7    Dex: 13    Spells: 11/11 levels left

rFire   + . .        a - +4 demon whip (elec)
rCold   . . .        c - +0 buckler
rNeg    . . .        U - +5 chain mail "Palley" {Rampage *Corrode rF+ Dex+3}
rPois   .            (helmet restricted)
rElec   .            A - +0 cloak {Will+}
rCorr   .            w - +0 pair of gloves
SInv    .            V - +1 pair of boots {Fly}
Will    ++...        e - amulet of guardian spirit Stlth
                     v - ring of willpower
HPRegen 0.36/turn    x - +5 ring of evasion
MPRegen 0.15/turn

%: corrode self (3%), guardian spirit, rampage
@: lethally poisoned (-3 -> -37), flying
A: reduced essence, horns 2, retaliatory headbutt
a: Renounce Religion, Recall Ancestor, Ancestor Identity, Transference, Idealise


You were on level 2 of the Lair of Beasts.
You worshipped Hepliaklqana.
Hepliaklqana was extremely pleased with you.
You visited 3 branches of the dungeon, and saw 15 of its levels.
You also visited: Gauntlet.

You collected 956 gold pieces.
You spent 424 gold pieces at shops.

Inventory:

Hand Weapons
 a - a +4 demon whip of electrocution (weapon)
 b - a +0 war axe
 Y - the +9 mace of Ymyraor {freeze, Int+3}
   (You found it on level 7 of the Dungeon)

   Int:       It affects your intelligence (+3).
Missiles
 g - 9 boomerangs (quivered)
 z - 24 poisoned darts
 G - 2 curare-tipped darts
 L - 4 atropa-tipped darts
 P - 9 javelins
Armour
 c - a +0 buckler (worn)
 w - a +0 pair of gloves (worn)
 A - a +0 cloak of willpower (worn)
 U - the +5 chain mail "Palley" (worn) {Rampage *Corrode rF+ Dex+3}
   (You bought it in a shop on level 2 of the Dungeon)

   Dex:       It affects your dexterity (+3).
   rF:        It protects you from fire.
   *Corrode:  It may corrode you when you take damage.
   Rampage:   It bestows one free step when moving towards enemies.
 V - a +1 pair of boots of flying (worn)
 Z - a +0 plate armour
Jewellery
 e - an amulet of guardian spirit (around neck)
 v - a ring of willpower (left hand)
 x - a +5 ring of evasion (right hand)
 K - a ring of willpower
 S - a ring of see invisible
Wands
 m - a wand of mindburst (11)
 t - a wand of flame (20)
 H - a wand of paralysis (3)
 M - a wand of polymorph (16)
 Q - a wand of digging (1)
 R - a wand of quicksilver (5)
Scrolls
 h - 3 scrolls of teleportation
 i - a scroll of butterflies
 j - a scroll of silence {unknown}
 l - 3 scrolls of magic mapping
 p - a scroll of amnesia {unknown}
 q - 4 scrolls of immolation
 s - a scroll of poison {unknown}
 y - 4 scrolls of vulnerability
 D - a scroll of brand weapon {unknown}
 E - a scroll of fog {unknown}
 J - 2 scrolls of fear
 N - a scroll of torment {unknown}
Potions
 d - 2 potions of might
 k - a potion of attraction
 n - 2 potions of brilliance
 o - 6 potions of curing
 r - 3 potions of heal wounds
 u - 2 potions of flight
 B - 4 potions of invisibility
 C - 2 potions of degeneration
 F - a potion of haste
 O - 2 potions of lignification
 W - a potion of mutation


   Skills:
 + Level 11.3 Fighting
 - Level 12.9(13.4) Axes
 + Level 6.2(10.4) Maces & Flails
 - Level 3.0 Throwing
 + Level 11.4 Armour
 - Level 4.0 Dodging
 + Level 11.3 Shields
 - Level 8.0 Invocations


You had 11 spell levels left.
You didn't know any spells.
Your spell library contained the following spells:

 Spells                   Type           Power      Damage    Failure   Level
 Kiss of Death            Conj/Necr      0%         2d5       91%         1
 Cigotuvi's Dreadful Rot  Necr/Pois/Air  0%         N/A       97%         2
 Lesser Beckoning         Tloc           0%         N/A       97%         2
 Confusing Touch          Hex            0%         N/A       100%        3
 Frozen Ramparts          Ice            0%         1d1       100%        3
 Gell's Gravitas          Tloc           0%         N/A       100%        3
 Ignite Poison            Fire/Tmut/Pois 0%         N/A       100%        3
 Portal Projectile        Hex/Tloc       0%         N/A       100%        3
 Teleport Other           Tloc           0%         N/A       100%        3
 Tukima's Dance           Hex            0%         N/A       100%        3
 Dispel Undead            Necr           0%         3d6       100%        4
 Ice Form                 Ice/Tmut       0%         N/A       100%        4
 Summon Ice Beast         Ice/Summ       0%         N/A       100%        4
 Blade Hands              Tmut           0%         N/A       100%        5
 Fireball                 Conj/Fire      0%         3d3       100%        5
 Freezing Cloud           Conj/Ice/Air   0%         6-21      100%        5
 Iskenderun's Battlesphe  Conj           0%         2d6       100%        5
 Summon Mana Viper        Hex/Summ       0%         N/A       100%        5
 Conjure Ball Lightning   Conj/Air       0%         3x3d6     100%        6
 Simulacrum               Ice/Necr       0%         N/A       100%        6
 Monstrous Menagerie      Summ           0%         N/A       100%        7
 Orb of Destruction       Conj           0%         9d5       100%        7
 Ozocubu's Refrigeration  Ice            0%         4d7       100%        7
 Borgnjor's Revivificati  Necr           0%         N/A       100%        8
 Necromutation            Tmut/Necr      0%         N/A       100%        8
 Death's Door             Necr           0%         N/A       100%        9
 Polar Vortex             Ice            0%         N/A       100%        9


Dungeon Overview and Level Annotations

Branches:
Dungeon (11/15)            Temple (1/1) D:7            Lair (3/5) D:8
 Shoals (0/4) Lair:3        Snake (0/4) Lair:3          Orc (0/2) D:11
Gauntlet (visited)

Altars:
Ashenzari
Cheibriados
Dithmenos
Elyvilon
Fedhas
Gozag
Hepliaklqana
Kikubaaqudgha
Makhleb
Nemelex Xobeh
Okawaru
Qazlal
Ru
Sif Muna
Trog
Uskayaw
Vehumet
Wu Jian
Xom
Yredelemnul
Zin
The Shining One

Shops:
D:2 [   D:9 !

Annotations:
D:10 exclusion: oklob plant
Lair:3 Nessos


Innate Abilities, Weirdness & Mutations

Your life essence is reduced to manifest your ancestor. (-10% HP)
You have a pair of horns on your head.
You reflexively headbutt those who attack you in melee.


Message History

Okay, then.
Read: 3 scrolls of fear
Press: ? - help, Dir - look around, f - activate Look: Nessos, wielding a +3 longbow of flaming and wearing a +0 barding (heavily wounded, fast, chance to affect: 97%)
Okay, then.
Unknown command.
As you read the scroll of fear, it crumbles to dust.
You assume a fearsome visage.
Nessos looks frightened!
Nessos mumbles some strange words.
Nessos blinks!
Nessos casts a spell.
Nessos blinks!
Nessos gestures wildly while chanting.
Nessos blinks!
Nessos casts a spell.
Nessos blinks!
Nessos casts a spell.
Nessos blinks!
Nessos shoots an arrow.
The arrow barely misses you.
Nessos shoots an arrow.
The arrow hits you!!
* * * LOW HITPOINT WARNING * * *
The arrow burns you.
You are poisoned.
* * * LOW HITPOINT WARNING * * *
Blink to where?
Press: ? - help, Dir - move target
As you read the scroll of blinking, it crumbles to dust.
* * * LOW HITPOINT WARNING * * *
You feel very sick.
* * * LOW HITPOINT WARNING * * *
You feel very sick.
Nessos seems to regain their courage.
Nessos casts a spell.
Nessos blinks!
Nessos shoots an arrow.
The arrow hits you!
* * * LOW HITPOINT WARNING * * *
The arrow burns you.
You are more poisoned.
* * * LOW HITPOINT WARNING * * *
You fly upwards.
You die...

).##.#..#...8.......8.#.+...8.[.#
...####.................#.......+
..## #.#....#.R#.........#......
..# ####.....#R#.....###.....##
..# ###.#####....##.###...#. ..##
### ##...#.......... ...## ###
###.....#.........
...P#######.####.#8.<.8..........
................@......#.........
.......[.........#..8.##......†..
...............[..##.##..........
....###.###########...#####..####
.....####### ####P...# ####
....##P....####.......## ##
.......................#########P
.................................
####.#.......#######.#..#...##...


There were no monsters in sight!

Vanquished Creatures
  A balrug (Gauntlet)
  Snorg (D:11)
  Josephine (D:11)
  A two-headed ogre (D:10)
  A cyclops (D:11)
  4 elephants
  Maggie (D:6)
  A minotaur zombie (Gauntlet)
  3 cane toads (Lair:2)
  A komodo dragon (Lair:3)
  2 rime drakes
  3 trolls
  2 blink frogs (Lair:1)
  A wraith (D:11)
  3 vampires
  A basilisk (Lair:1)
  14 yaks
  2 steam dragons
  2 nagas (Lair:3)
  2 acid dragons (Gauntlet)
  3 water moccasins
  2 hell hounds (Gauntlet)
  An ice beast (D:6)
  2 sky beasts
  2 black bears
  7 orc warriors
  An ogre (D:4)
  6 wolves
  5 centaurs
  A phantom (D:4)
  A kobold brigand (D:6)
  8 bullfrogs
  5 scorpions
  3 killer bees (D:7)
  A crimson imp (D:7)
  3 jellies (D:7)
  A gnoll bouda (D:8)
  3 orc priests
  A hound (D:6)
  Crazy Yiuf (D:7)
  9 iguanas
  4 sleepcaps
  11 orc wizards
  5 gnolls
  3 adders
  A white imp (D:7)
  An ufetubus (D:7)
  A worm (D:2)
  29 orcs
  7 endoplasms
  2 giant cockroaches (D:1)
  9 goblins
  4 hobgoblins
  3 quokkas (D:3)
  8 ball pythons
  8 bats
  5 frilled lizards
  9 kobolds
  5 rats
228 creatures vanquished.

Vanquished Creatures (collateral kills)
  A minotaur (Gauntlet)
  A two-headed ogre (D:10)
  An oklob plant (Gauntlet)
  2 cyclopes (D:11)
  An ugly thing (D:11)
  2 elephants
  A torpor snail (Gauntlet)
  A komodo dragon (Lair:1)
  Psyche (D:9)
  A blink frog (Lair:1)
  A shadow (D:10)
  A vampire (D:9)
  4 wraiths
  A wyvern (D:11)
  3 yaks (Lair:3)
  An acid dragon (D:11)
  5 water moccasins
  4 centaurs (D:11)
  5 wolves
  3 bullfrogs
  A gnoll sergeant (D:9)
  2 howler monkeys
  A jelly (D:8)
  An orc wizard (D:10)
  2 gnolls (D:9)
  4 orcs
  A kobold (D:11)
52 creatures vanquished.

Vanquished Creatures (others)
  4 battlemagi
  An ancestor (D:8)
  14 demonic plants (Gauntlet)
  5 fungi
  12 toadstools (D:10)
36 creatures vanquished.

Grand Total: 316 creatures vanquished

Notes
Turn   | Place    | Note
-------+----------+-------------------------------------------
     0 | D:1      | Odexios the Minotaur Fighter began the quest for the Orb.
     0 | D:1      | Reached XP level 1. HP: 19/19 MP: 0/0
   468 | D:1      | Reached XP level 2. HP: 26/27 MP: 1/1
   845 | D:2      | Found a faded altar of an unknown god.
  1033 | D:2      | Found Finifuh's Antique Armour Shop.
  1187 | D:2      | Reached skill level 3 in Axes
  1187 | D:2      | Reached XP level 3. HP: 31/33 MP: 2/2
  1534 | D:3      | Reached XP level 4. HP: 41/41 MP: 3/3
  1561 | D:3      | Noticed a scorpion
  1568 | D:3      | Killed a scorpion
  1678 | D:3      | Reached XP level 5. HP: 47/47 MP: 4/4
  1736 | D:3      | Found a shadowy altar of Dithmenos.
  2203 | D:4      | Noticed a phantom
  2217 | D:4      | Killed a phantom
  2218 | D:4      | Reached skill level 4 in Axes
  2218 | D:4      | Reached skill level 5 in Armour
  2345 | D:4      | Reached skill level 5 in Fighting
  2345 | D:4      | Reached skill level 5 in Shields
  2356 | D:4      | Found a radiant altar of Vehumet.
  2356 | D:4      | Noticed an ogre
  2362 | D:4      | Killed an ogre
  2363 | D:4      | Reached XP level 6. HP: 51/56 MP: 5/5
  2390 | D:4      | Reached skill level 5 in Axes
  2761 | D:4      | Noticed a sky beast
  3123 | D:5      | Entered Level 5 of the Dungeon
  3130 | D:5      | Reached skill level 1 in Throwing
  3160 | D:5      | Reached XP level 7. HP: 61/61 MP: 6/6
  3900 | D:4      | Reached skill level 6 in Axes
  4104 | D:2      | Bought an embroidered cloak for 165 gold pieces
  4352 | D:6      | Reached skill level 7 in Axes
  4352 | D:6      | Reached XP level 8. HP: 46/70 MP: 4/7
  4469 | D:6      | Found an ornate altar of the Wu Jian Council.
  4774 | D:6      | Noticed a troll
  4804 | D:6      | Noticed Maggie
  4876 | D:6      | Killed Maggie
  4877 | D:6      | Reached skill level 8 in Axes
  5117 | D:6      | Found a bloodstained altar of Trog.
  5870 | D:7      | Found a staircase to the Ecumenical Temple.
  5904 | Temple   | Entered the Ecumenical Temple
  5945 | Temple   | Became a worshipper of Hepliaklqana the Forgotten
  6154 | D:7      | Reached XP level 9. HP: 74/79 MP: 8/8
  6181 | D:7      | Found a burning altar of Makhleb.
  6221 | D:7      | Found an iron altar of Okawaru.
  6486 | D:7      | Identified the +9 mace of Ymyraor {freeze, Int+3}
  6675 | D:7      | Reached skill level 1 in Invocations
  6717 | D:7      | Found a runed translucent door.
  6718 | D:7      | Noticed Crazy Yiuf
  6723 | D:7      | Killed Crazy Yiuf
  6724 | D:7      | Reached skill level 9 in Axes
  7178 | D:8      | Reached skill level 10 in Axes
  7265 | D:8      | Reached * piety under Hepliaklqana
  7463 | D:8      | Reached skill level 1 in Dodging
  7524 | D:8      | Found a staircase to the Lair.
  7725 | D:8      | Found a shimmering blue altar of Sif Muna.
  7968 | D:9      | Found Xusut's Distillery.
  7971 | D:9      | Bought a potion of heal wounds for 50 gold pieces
  7979 | D:9      | Reached ** piety under Hepliaklqana
  7979 | D:9      | Noticed Psyche
  7988 | D:9      | Remembered your ancestor Beorhtric as a battlemage
  7991 | D:9      | Killed Psyche
  7992 | D:9      | Reached XP level 10. HP: 74/81 MP: 9/11
  8020 | D:9      | Found a white marble altar of Elyvilon.
  8076 | D:9      | Found a sparkling altar of Nemelex Xobeh.
  8489 | D:9      | Found an opulent altar of Gozag.
  8547 | D:9      | Found a glowing silver altar of Zin.
  8661 | D:10     | Entered Level 10 of the Dungeon
  8841 | D:10     | Noticed a two-headed ogre
  9000 | D:10     | Killed a two-headed ogre
  9001 | D:10     | Reached skill level 11 in Axes
  9119 | D:10     | Noticed a two-headed ogre
  9127 | D:10     | Killed a two-headed ogre
  9140 | D:10     | Reached skill level 5 in Invocations
  9142 | D:10     | Reached skill level 12 in Axes
  9468 | D:11     | Noticed a cyclops
  9468 | D:11     | Noticed a cyclops
 10123 | D:10     | Found a blossoming altar of Fedhas.
 10217 | D:10     | Noticed an oklob plant
 10305 | D:11     | Reached *** piety under Hepliaklqana
 10316 | D:11     | Identified the staff of earth "Rurobit" {*Slow rPois Int+3}
 10360 | D:11     | Noticed a cyclops
 10378 | D:11     | Killed a cyclops
 10379 | D:11     | Reached XP level 11. HP: 38/87 MP: 7/13
 10554 | D:11     | Noticed Snorg
 10568 | D:11     | Killed Snorg
 10915 | D:11     | Noticed Josephine
 10924 | D:11     | Killed Josephine
 10925 | D:11     | Reached skill level 10 in Fighting
 10925 | D:11     | Reached skill level 10 in Armour
 11071 | D:11     | Reached skill level 10 in Shields
 11194 | D:11     | Noticed a green ugly thing
 11200 | D:11     | Killed a green ugly thing
 11380 | D:11     | Found a staircase to the Orcish Mines.
 12183 | D:2      | Bought a polished chain mail for 209 gold pieces
 12183 | D:2      | Identified the +5 chain mail "Palley" {Rampage *Corrode rF+
                  | Dex+3} (You bought it in a shop on level 2 of the Dungeon)
 12318 | Lair:1   | Entered Level 1 of the Lair of Beasts
 12783 | Lair:1   | Reached **** piety under Hepliaklqana
 13250 | Lair:2   | Found a gate leading to a gauntlet.
 13259 | Gauntlet | Entered a Gauntlet
 13259 | Gauntlet | Noticed a tengu warrior
 13259 | Gauntlet | Found a transporter.
 13259 | Gauntlet | Found a transporter.
 13259 | Gauntlet | Found a transporter.
 13262 | Gauntlet | Found a transporter.
 13263 | Gauntlet | Found a transporter.
 13266 | Gauntlet | Found a transporter.
 13269 | Gauntlet | Noticed a shining eye
 13270 | Gauntlet | Found a runed translucent door.
 13271 | Gauntlet | Noticed an oklob plant
 13272 | Gauntlet | Found a runed translucent door.
 13274 | Gauntlet | Found a transporter.
 13275 | Gauntlet | Found a transporter.
 13277 | Gauntlet | Found a transporter.
 13277 | Gauntlet | Found a transporter.
 13279 | Gauntlet | Noticed a balrug
 13285 | Gauntlet | Found a transporter.
 13285 | Gauntlet | Found the ring of the Mage {Wiz Archmagi}
 13288 | Gauntlet | Found a transporter.
 13562 | Gauntlet | Reached XP level 12. HP: 80/97 MP: 8/15
 13589 | Gauntlet | Reached skill level 1 in Maces & Flails
 13694 | Gauntlet | Killed a balrug
 13823 | Gauntlet | Noticed a minotaur
 13831 | Gauntlet | Killed a minotaur
 14173 | Lair:2   | Reached skill level 5 in Maces & Flails
 14781 | Lair:3   | Found a staircase to the Snake Pit.
 14839 | Lair:3   | Found a staircase to the Shoals.
 15113 | Lair:3   | Reached ***** piety under Hepliaklqana
 15257 | Lair:3   | Noticed Nessos
 15310 | Lair:2   | Succumbed to Nessos's poison

Illustrated notes

Levels and vault maps discovered:
D:1:      psy_arrival_whirlpool, layout_basic
D:2:      layout_basic, hellmonk_ecumenical_altar_lost_god, serial_shops, shop,
          amcnicky_mini_rare_corridor_liquid, glass_columns_c,
          minmay_strange_pillars
D:3:      layout_basic, nicolae_dithmenos_shadow_blocks, st_stairs_10
D:4:      layout_loops_ring, nicolae_vehumet_radiance, nrook_mini_vaults
D:5:      layout_loops_ring
D:6:      layout_loops_corners, trog_butcher_becter,
          mainiacjoe_overflow_surrounded_room, uniq_maggie
D:7:      layout_basic, makhleb_grotto_becter, lemuel_tele_altar,
          minmay_temple_entry_drinking_statues, uniq_crazy_yiuf_cottage
D:8:      layout_loops_ring, mainiacjoe_overflow_cross_hatched,
          grunt_lair_entry_orc_guard_hut
D:9:      layout_small_grid, nemelex_xobeh_ov_fountains_minmay,
          pdpol_temple_overflow_zin_treasury_gozag_greed, old_standard_altar,
          serial_shops, nicolae_shop_behind_doors, uniq_psyche
D:10:     minmay_razor_zed, layout_rooms, tgw_fedhas
D:11:     layout_stronghold, corexii_checkpoint_b, minmay_tree_intersection,
          uniq_snorg, uniq_josephine
Temple:   nicolae_temple_ecumenical_triangle
Lair:1:   layout_chaotic_city
Lair:2:   layout_long_grid, gauntlet_entry_generic, lemuel_fruit_tree,
          grunt_megastairs_1
Lair:3:   layout_regular_city, shoals_dummy_entry, guppyfry_snake_entry_garden,
          grunt_megastairs_4, infiniplex_staircase_pool_2, uniq_nessos

Skill      XL: |  1  2  3  4  5  6  7  8  9 10 11 12 |
---------------+-------------------------------------+-----
Fighting       | 4 5 6 7 8 9 10 11 | 11.3
Armour         | 4 5 6 7 8 9 10 11 | 11.4
Shields        | 4 5 6 7 8 10 11 | 11.3
Axes           | 3 4 5 7 8 10 12 | 12.9
Throwing       | 1 3 |  3.0
Invocations    | 3 5 8 |  8.0
Dodging        | 2 3 4 |  4.0
Maces & Flails | 6 |  6.2

Action                     |  1- 3 |  4- 6 |  7- 9 | 10-12 || total
---------------------------+-------+-------+-------+-------++-------
  Melee: War axe           |    88 |   109 |   217 |       ||   414
         Headbutt          |     9 |    16 |    47 |    66 ||   138
         Mace              |       |       |    77 |   169 ||   246
         Demon whip        |       |       |       |   110 ||   110
  Throw: Boomerang         |       |    14 |     7 |     1 ||    22
         Dart              |       |       |     8 |    14 ||    22
         Javelin           |       |       |       |     2 ||     2
 Invoke: Ancestor Life: Ba |       |       |     1 |       ||     1
         Recall Ancestor   |       |       |       |     3 ||     3
         Idealise          |       |       |       |     2 ||     2
  Evoke: Wand              |       |     6 |     2 |     6 ||    14
    Use: Potion            |       |       |     1 |     1 ||     2
         Scroll            |       |       |     8 |    18 ||    26
   Stab: Distracted        |       |       |       |     6 ||     6
 Armour: Scale mail        |    40 |    19 |       |       ||    59
         Chain mail        |       |    16 |   130 |   111 ||   257
  Dodge: Dodged            |    39 |    31 |    69 |   119 ||   258
  Block: Buckler           |    19 |    25 |    59 |    87 ||   190
